[Event "ICC tourney 2030 (45 10)"]
[Site "Internet Chess Club"]
[Date "2020.10.04"]
[Round "5"]
[White "Davide25"]
[Black "ranu540"]
[Result "1-0"]
[ICCResult "Black checkmated"]
[WhiteElo "1008"]
[BlackElo "1290"]
[Opening "King's Indian: East Indian defense"]
[ECO "A48"]
[NIC "QP.06"]
[Time "14:33:07"]
[TimeControl "2700+10"]

1. d4 Nf6 2. Nf3 g6 3. e3 Bg7 4. Bd3 O-O 5. O-O d6 6. Nbd2 Re8 7. c3 e5 8.
Qc2 Nbd7 9. Rd1 d5 10. dxe5 Nxe5 11. Nxe5 Rxe5 12. Nf3 Re8 13. b3 Bg4 14.
Be2 Bf5 15. Bd3 Be4 16. Bxe4 Nxe4 17. Bb2 c6 18. Nd2 Qf6 19. Nxe4 Rxe4 20.
Rab1 Qg5 21. c4 Rg4 22. g3 dxc4 23. Bxg7 Kxg7 24. h3 Rxg3+ 25. fxg3 Qxg3+
26. Qg2 Qxe3+ 27. Kh1 cxb3 28. Qb2+ Kg8 29. Qxb3 Qe4+ 30. Kg1 Rb8 31. Rf1
Qd4+ 32. Kh1 Qe4+ 33. Qf3 Qe6 34. Qg2 Qe7 35. Rbe1 Qd7 36. Qf3 Rf8 37. Re2
Qc8 38. Rfe1 Qd7 39. Re7 Qc8 40. Qe3 c5 41. Re8 Qc6+ 42. Kg1 c4 43. Rxf8+
Kxf8 44. Qe7+ Kg8 45. Qe8+ Qxe8 46. Rxe8+ Kg7 47. Rc8 b5 48. Kf2 Kf6 49. Kf3
Ke5 50. Rc5+ Kd4 51. Rxb5 c3 52. Ke2 Kc4 53. Rb7 h5 54. Kd1 Kd3 55. Rxf7 c2+
56. Kc1 Kc3 57. Rxa7 Kd3 58. Rg7 Kc3 59. Rxg6 Kd3 60. Rh6 Kc3 61. Rxh5 Kd3
62. Rd5+ Kc3 63. Rc5+ Kd3 64. Rxc2 Ke3 65. a4 Kf3 66. a5 Kg3 67. Rg2+ Kxg2
68. a6 Kxh3 69. a7 Kg4 70. a8=Q Kf4 71. Qe8 Kf5 72. Kd2 Kf4 73. Kd3 Kf5 74.
Kd4 Kf4 75. Qf7+ Kg5 76. Ke5 Kg4 77. Qf5+ Kg3 78. Ke4 Kg2 79. Ke3 Kg3 80.
Qg5+ Kh3 81. Kf3 Kh2 82. Qg2# {Black checkmated} 1-0

[Event "ICC tourney 2030 (45 10)"]
[Site "Internet Chess Club"]
[Date "2020.10.04"]
[Round "6"]
[White "hi321"]
[Black "jalenwang"]
[Result "1-0"]
[ICCResult "Black resigns"]
[WhiteElo "1377"]
[BlackElo "1534"]
[Opening "Sicilian: Canal-Sokolsky attack, 3...Bd7"]
[ECO "B52"]
[NIC "SI.01"]
[Time "17:02:52"]
[TimeControl "2700+10"]

1. e4 c5 2. Nf3 d6 3. Bb5+ Bd7 4. Bxd7+ Qxd7 5. O-O Nc6 6. Re1 g6 7. b3 Bg7
8. Nc3 b5 9. Rb1 a6 10. Nd5 Nf6 11. Nb6 Qb7 12. Nxa8 Qxa8 13. d4 cxd4 14.
Nxd4 Nxd4 15. Qxd4 O-O 16. Qd3 Rc8 17. Bg5 Qc6 18. Rbc1 h6 19. Bxf6 Bxf6 20.
c4 b4 21. Qd2 Bc3 22. Rxc3 bxc3 23. Qxc3 Qc5 24. Kf1 a5 25. a4 Rb8 26. Re3
e6 27. Rh3 h5 28. g4 Qb4 29. Qf6 Qc5 30. gxh5 Qe5 31. Qxe5 dxe5 32. hxg6
fxg6 33. Rd3 Kf7 34. Ke2 Kf6 35. c5 Ke7 36. Kd2 Rd8 37. Rxd8 Kxd8 38. Kc3
Kc7 39. Kc4 Kc6 40. b4 axb4 41. Kxb4 g5 42. h3 Kc7 43. Kb5 Kb7 44. c6+ Kc7
45. Kc5 Kb8 46. Kd6 Kc8 47. c7 Kb7 48. Kd7 {Black resigns} 1-0

[Event "ICC tourney 2030 (45 10)"]
[Site "Internet Chess Club"]
[Date "2020.10.04"]
[Round "6"]
[White "falcon2020"]
[Black "Lonelone"]
[Result "0-1"]
[ICCResult "White checkmated"]
[WhiteElo "1173"]
[BlackElo "1304"]
[Opening "Queen's pawn, Mason variation"]
[ECO "D00"]
[NIC "QP.08"]
[Time "17:02:51"]
[TimeControl "2700+10"]

1. d4 d5 2. Bf4 Nf6 3. e3 e6 4. c3 Bd6 5. Bg3 O-O 6. Nf3 Bxg3 7. hxg3 Nbd7
8. Bd3 c5 9. Ne5 Nxe5 10. dxe5 Nd7 11. Bxh7+ Kh8 12. Qh5 Nf6 13. exf6 Qxf6
14. Bg8+ Qh6 15. Bxf7 Rxf7 16. Qxf7 Qxh1+ 17. Ke2 Qxg2 18. Qh5+ Kg8 19. Nd2
Bd7 20. Nf3 Rf8 21. Rg1 Bb5+ 22. Ke1 Qxf3 23. Qxf3 Rxf3 24. Rh1 Kf7 25. Rh8
a5 26. b3 Rf6 27. Ra8 Ba6 28. Rh8 Rh6 29. Rc8 Rh1+ 30. Kd2 Rf1 31. Rxc5
Rxf2+ 32. Ke1 Rxa2 33. Kd1 Rb2 34. Rc7+ Kf6 35. Rc8 Rxb3 36. Kc2 Rb6 37. Rh8
Ke5 38. Rh1 Ke4 39. Rh7 Bd3+ 40. Kd2 Rb2+ 41. Kc1 Rc2+ 42. Kd1 Kxe3 43. Rh3
Rd2+ 44. Kc1 Rf2 45. g4+ Rf3 46. Rh2 Rf1+ 47. Kb2 Rb1+ 48. Ka2 Ke4 49. c4
dxc4 50. Rh4 Ke3 51. g5 Kd2 52. Ka3 Kc3 53. Ka2 Rb2+ 54. Ka1 Kb3 55. Rh2
Rb1# {White checkmated} 0-1

[Event "ICC tourney 2030 (45 10)"]
[Site "Internet Chess Club"]
[Date "2020.10.04"]
[Round "6"]
[White "lwidjaja"]
[Black "erikajiahuichen"]
[Result "0-1"]
[ICCResult "White resigns"]
[WhiteElo "1393"]
[BlackElo "1409"]
[Opening "Sicilian: Smith-Morra gambit"]
[ECO "B21"]
[NIC "SI.48"]
[Time "17:03:32"]
[TimeControl "2700+10"]

1. e4 c5 2. d4 cxd4 3. c3 dxc3 4. Nxc3 Nc6 5. Nf3 e6 6. Bf4 a6 7. Bd3 b5 8.
Rc1 Bb7 9. O-O Nf6 10. Qc2 Nh5 11. Bd2 Rc8 12. a3 b4 13. axb4 Bxb4 14. e5
Qc7 15. Ne4 Be7 16. g4 Qb8 17. Bc3 Nf4 18. Qb1 Qa8 19. Bc2 Ne2+ 20. Kh1 Nxc1
21. Qxc1 Nb4 22. Bxb4 Bxe4 {White resigns} 0-1

[Event "ICC tourney 2030 (45 10)"]
[Site "Internet Chess Club"]
[Date "2020.10.04"]
[Round "6"]
[White "LesserSkilled"]
[Black "DankMemer"]
[Result "1/2-1/2"]
[ICCResult "Game drawn by mutual agreement"]
[WhiteElo "1427"]
[BlackElo "1313"]
[Opening "French: advance, Milner-Barry gambit"]
[ECO "C02"]
[NIC "FR.03"]
[Time "17:02:49"]
[TimeControl "2700+10"]

1. e4 e6 2. d4 d5 3. e5 c5 4. c3 Nc6 5. Nf3 Qb6 6. Bd3 Nge7 7. O-O Nf5 8.
Bxf5 exf5 9. Qd3 Be6 10. Nbd2 Be7 11. a4 cxd4 12. cxd4 Nb4 13. Qb3 Rc8 14.
a5 Qd8 15. Ra4 Nc6 16. Qxb7 Bd7 17. Ra1 Nb4 18. Qxa7 Ra8
{Game drawn by mutual agreement}
1/2-1/2

[Event "ICC tourney 2030 (45 10)"]
[Site "Internet Chess Club"]
[Date "2020.10.04"]
[Round "6"]
[White "GiganticCell"]
[Black "BunnyGambit"]
[Result "0-1"]
[ICCResult "White checkmated"]
[WhiteElo "1301"]
[BlackElo "1497"]
[Opening "Sicilian: Hungarian variation"]
[ECO "B27"]
[NIC "SI.43"]
[Time "17:02:50"]
[TimeControl "2700+10"]

1. e4 c5 2. Nf3 g6 3. c3 Bg7 4. d4 cxd4 5. cxd4 d5 6. exd5 Qxd5 7. Nc3 Qd8
8. Bc4 Nf6 9. O-O O-O 10. Re1 Bf5 11. Bf4 Nbd7 12. Nh4 Qa5 13. Qb3 Qb6 14.
Nxf5 gxf5 15. Rxe7 Qxb3 16. Bxb3 Nb6 17. Rxb7 Nh5 18. Be5 Nf6 19. a4 Nbd7
20. Bxf6 Nxf6 21. Re1 Rab8 22. Bxf7+ Kh8 23. Rxa7 Rxb2 24. d5 Rbb8 25. d6
Rbd8 26. Nb5 h6 27. f3 Ng8 28. Bxg8 Rxg8 29. Ree7 Rc8 30. Nd4 Bxd4+ 31. Kf1
Bxa7 32. Rxa7 Rcd8 33. Ra6 Rg6 34. a5 Rgxd6 35. Ra7 Rd2 36. Ra6 Ra2 37.
Rxh6+ Kg7 38. Re6 Rd1+ 39. Re1 Rxe1+ 40. Kxe1 Rxa5 41. Kf2 Kf6 42. Ke3 Ra2
43. h4 Rxg2 44. Kf4 Rg8 45. Ke3 Rh8 46. Kf4 Rxh4+ 47. Ke3 Ke5 48. Kf2 Kf4
49. Ke1 Rh2 50. Kd1 Kxf3 51. Kc1 Ke3 52. Kb1 Kd3 53. Ka1 Kc3 54. Kb1 f4 55.
Ka1 Kb3 56. Kb1 Rh1# {White checkmated} 0-1

[Event "ICC tourney 2030 (45 10)"]
[Site "Internet Chess Club"]
[Date "2020.10.04"]
[Round "6"]
[White "MariusC"]
[Black "Kevinturtle"]
[Result "1-0"]
[ICCResult "Black resigns"]
[WhiteElo "1439"]
[BlackElo "1453"]
[Opening "Sicilian: dragon, classical, Richter variation"]
[ECO "B73"]
[NIC "SI.15"]
[Time "17:02:59"]
[TimeControl "2700+10"]

1. e4 c5 2. Nf3 d6 3. d4 cxd4 4. Nxd4 Nf6 5. Nc3 g6 6. Be2 Bg7 7. O-O O-O 8.
Be3 Nc6 9. Qd2 Bd7 10. f4 Rc8 11. Rad1 Ng4 12. Bxg4 Bxg4 13. Rde1 a6 14. f5
gxf5 15. Nxf5 Bxf5 16. exf5 Ne5 17. Bh6 Qb6+ 18. Kh1 Qxb2 19. Qg5 Ng6 20.
Bxg7 Kxg7 21. fxg6 Qxc3 22. gxf7+ Kh8 23. Qxe7 Qg7 24. Qxb7 Rxc2 25. Re8 h6
26. Qa8 {Black resigns} 1-0

[Event "ICC tourney 2030 (45 10)"]
[Site "Internet Chess Club"]
[Date "2020.10.04"]
[Round "6"]
[White "VarinN"]
[Black "tidalwave09"]
[Result "1/2-1/2"]
[ICCResult "Game drawn by mutual agreement"]
[WhiteElo "1461"]
[BlackElo "1441"]
[Opening "Sicilian: closed"]
[ECO "B24"]
[NIC "SI.44"]
[Time "17:02:55"]
[TimeControl "2700+10"]

1. e4 c5 2. Nc3 Nc6 3. g3 e5 4. Bg2 Nf6 5. d3 Be7 6. Nge2 O-O 7. O-O Nd4 8.
Nd5 Nxd5 9. exd5 d6 10. c3 Nxe2+ 11. Qxe2 f5 12. f4 Re8 13. fxe5 dxe5 14. c4
Bd6 15. b3 f4 16. gxf4 exf4 17. Qc2 Be5 18. Bb2 Qg5 19. Bxe5 Rxe5 20. Kh1
Bg4 21. Bf3 Bxf3+ 22. Rxf3 Rae8 23. Qg2 Qh5 24. Raf1 Re1 25. Rxf4 Qd1 26.
Qf3 Rxf1+ 27. Qxf1 Qd2 28. Rf2 Qc3 29. Qh3 Qd4 30. Qf5 Re1+ 31. Kg2 h6 32.
Qf4 Qa1 33. d6 Rg1+ 34. Kh3 g5 35. Qf7+ Kh8 36. Qf6+ Qxf6 37. Rxf6 Kg7 38.
Rf2 g4+ 39. Kh4 Rd1 40. Rf5 Rxd3 41. Rd5 Rxd5 42. cxd5 Kf7 43. Kxg4 b5 44.
Kf4 Ke8 45. Ke5 Kd7 46. h3 a5 47. a3 Kd8 48. Ke4 Kd7 49. Ke5
{Game drawn by mutual agreement}
1/2-1/2

[Event "ICC tourney 2030 (45 10)"]
[Site "Internet Chess Club"]
[Date "2020.10.04"]
[Round "6"]
[White "niftyfountain"]
[Black "blueocean07"]
[Result "0-1"]
[ICCResult "White resigns"]
[WhiteElo "1126"]
[BlackElo "1128"]
[Opening "Sicilian: Sveshnikov variation"]
[ECO "B33"]
[NIC "SI.38"]
[Time "17:03:14"]
[TimeControl "2700+10"]

1. e4 c5 2. Nf3 Nc6 3. d4 cxd4 4. Nxd4 Nf6 5. Nc3 e5 6. Ndb5 d6 7. Bg5 a6 8.
Na3 b5 9. Bxf6 gxf6 10. Nd5 f5 11. exf5 Bxf5 12. Bd3 Be6 13. Ne3 Bh6 14. Qf3
Nd4 15. Qd1 O-O 16. Qh5 Qg5 17. Qxg5+ Bxg5 18. O-O Kh8 19. c3 Bxe3 20. fxe3
Nc6 21. Rf2 Rg8 22. Kh1 Ne7 23. Raf1 Rg7 24. Be4 Rag8 25. Rd1 d5 26. Bc2 Rg5
27. e4 dxe4 28. Bxe4 Bxa2 29. Bb7 R5g6 30. Be4 f5 31. Bc2 Bd5 32. Rg1 Rg5
33. Nb1 e4 34. Re2 e3 35. Bd3 Nc6 36. Na3 Ne5 37. Bc2 Nf3 38. g3 Nh4+ 39.
Rgg2 Nxg2 40. Rxg2 e2 {White resigns} 0-1

[Event "ICC tourney 2030 (45 10)"]
[Site "Internet Chess Club"]
[Date "2020.10.04"]
[Round "6"]
[White "TristanCR"]
[Black "Drshenmeiwu07"]
[Result "1/2-1/2"]
[ICCResult "Game drawn by mutual agreement"]
[WhiteElo "1210"]
[BlackElo "1299"]
[Opening "Queen's pawn, Mason variation"]
[ECO "D00"]
[NIC "QP.08"]
[Time "17:03:05"]
[TimeControl "2700+10"]

1. d4 d5 2. Bf4 e6 3. e3 Be7 4. c3 Nf6 5. Nd2 O-O 6. Ngf3 c5 7. b3 Nc6 8.
Bd3 Re8 9. O-O Bd6 10. Ne5 Bxe5 11. dxe5 Nd7 12. Nf3 f6 13. exf6 Nxf6 14.
Ne5 Nxe5 15. Bxe5 Nd7 16. Bd6 e5 17. Bf5 Qb6 18. Qxd5+ Kh8 19. Bxd7 Bxd7 20.
Bxc5 Qc7 21. Rac1 Re6 22. Rfd1 Rd8 23. Bd6 Qc8 24. Bxe5 Ree8 25. Rd3 Bc6 26.
Bxg7+ Kxg7 27. Qg5+ Kf7 28. Qh5+ Kg8 29. Qg5+ Kh8 30. Qf6+ Kg8 31. Qg5+ Kf7
32. Qh5+ Kf6 33. Qh6+ Ke7 34. Qxh7+ Kf8 35. Qh8+ Ke7 36. Qg7+ Ke6 37. Qg6+
Ke7 38. Qg7+ Ke6 {Game drawn by mutual agreement} 1/2-1/2

[Event "ICC tourney 2030 (45 10)"]
[Site "Internet Chess Club"]
[Date "2020.10.04"]
[Round "6"]
[White "ranu540"]
[Black "pari538"]
[Result "1/2-1/2"]
[ICCResult "Game drawn by mutual agreement"]
[WhiteElo "1302"]
[BlackElo "1599"]
[Opening "Giuoco Piano: Greco variation"]
[ECO "C54"]
[NIC "IG.02"]
[Time "17:03:46"]
[TimeControl "2700+10"]

1. e4 e5 2. Nf3 Nc6 3. Bc4 Bc5 4. c3 Nf6 5. d4 exd4 6. cxd4 Bb4+ 7. Nc3 Nxe4
8. O-O Nxc3 9. bxc3 Be7 10. Re1 d5 11. Bb5 O-O 12. Bxc6 bxc6 13. Ne5 Qd6 14.
Qf3 Bf6 15. Bf4 Bxe5 16. Bxe5 Qd7 17. Qg3 Qg4 18. Bxc7 Qxg3 19. Bxg3 Be6 20.
Rab1 h6 21. Rb7 Rfd8 22. Rc7 Rdc8 23. h3 Rxc7 24. Bxc7 Rc8 25. Be5 c5 26.
dxc5 Rxc5 27. Bd4 Ra5 28. Re2 a6 29. Rb2 Rb5 30. Rb3 Kf8 31. Kf1 Rxb3 32.
axb3 g6 33. Ke2 Ke7 34. h4 Kd6 35. Kd3 Kc6 36. Be3 h5 37. Kd4 Kb5 38. g3 Kc6
39. Ke5 d4 40. cxd4 Bxb3 41. Bd2 Be6 42. Bc3 Bd5 43. Bd2 Be6 44. Bc3 Bc4 45.
Bd2 Bb3 46. Bc3 {Game drawn by mutual agreement} 1/2-1/2

[Event "ICC tourney 2030 (45 10)"]
[Site "Internet Chess Club"]
[Date "2020.10.04"]
[Round "6"]
[White "NNatha"]
[Black "yihengy"]
[Result "1-0"]
[ICCResult "Black checkmated"]
[WhiteElo "1310"]
[BlackElo "1258"]
[Opening "Ruy Lopez: Caro variation"]
[ECO "C70"]
[NIC "RL.09"]
[Time "17:03:12"]
[TimeControl "2700+10"]

1. e4 e5 2. Nf3 Nc6 3. Bb5 a6 4. Ba4 b5 5. Bb3 Nf6 6. O-O Bc5 7. c3 d6 8. d4
exd4 9. cxd4 Bb6 10. Nc3 Bg4 11. d5 Nd4 12. Bg5 Nxf3+ 13. gxf3 Bh3 14. Re1
O-O 15. Ne2 h6 16. Bh4 Re8 17. Nf4 Qd7 18. Bxf6 gxf6 19. Nh5 Qe7 20. Qd2 Kh7
21. Qf4 Rg8+ 22. Ng3 Rg6 23. Qh4 Qd7 24. Bc2 Kg7 25. e5 Bf5 26. exf6+ Kf8
27. Bxf5 Qxf5 28. Qe4 Qxe4 29. fxe4 Rxf6 30. Nf5 Rg6+ 31. Kf1 Re8 32. a4 Rg4
33. Ng3 Rf4 34. Re2 Rh4 35. f3 Rf4 36. Kg2 Kg8 37. Nh5 Rf5 38. Ng3 Rg5 39.
axb5 axb5 40. f4 Rg6 41. f5 Rg5 42. h4 Rg4 43. Kh3 Rf4 44. Rae1 Bf2 45. Nh5
Rxh4+ 46. Kg2 Rxh5 47. Kxf2 Rh2+ 48. Kf3 Rf2+ 49. Kxf2 Kg7 50. Rg1+ Kf6 51.
Kf3 Rh8 52. Rh1 h5 53. Kf4 b4 54. Reh2 Rc8 55. Rxh5 c5 56. Rc1 c4 57. b3 c3
58. Rh6+ Ke7 59. f6+ Kd7 60. Rh7 Rf8 61. Kg5 Rg8+ 62. Rg7 Rf8 63. Kh6 Kd8
64. Kh7 Ke8 65. Rg8 Rxg8 66. Kxg8 Kd7 67. Kxf7 Kd8 68. Ke6 Ke8 69. f7+ Kf8
70. Kf6 c2 71. Rh1 c1=B 72. Rh8# {Black checkmated} 1-0

[Event "ICC tourney 2030 (45 10)"]
[Site "Internet Chess Club"]
[Date "2020.10.04"]
[Round "6"]
[White "Davide25"]
[Black "chessvedant19"]
[Result "1/2-1/2"]
[ICCResult "Game drawn because neither player has mating material"]
[WhiteElo "1030"]
[BlackElo "1459"]
[Opening "QGD: Vienna variation"]
[ECO "D02"]
[NIC "QP.06"]
[Time "17:03:20"]
[TimeControl "2700+10"]

1. d4 Nf6 2. Nf3 d5 3. c4 e6 4. Bg5 Bb4+ 5. Bd2 Bxd2+ 6. Nbxd2 Nc6 7. e3 O-O
8. Rc1 Qe7 9. a3 dxc4 10. Nxc4 a6 11. Bd3 b5 12. Nce5 Nxe5 13. Nxe5 Bb7 14.
O-O Qd6 15. Qc2 Rac8 16. Qc5 Qxc5 17. Rxc5 Rfd8 18. Rfc1 Nd7 19. Nxd7 Rxd7
20. f3 f5 21. Kf2 Kf7 22. a4 bxa4 23. Ke2 Ke7 24. Ra5 Rd6 25. Rxa4 Rb6 26.
b4 Kd7 27. Rca1 Rb8 28. Bxa6 Bxa6+ 29. Rxa6 Rxb4 30. Rc1 Rb2+ 31. Kf1 R8b7
32. Ra8 Rd2 33. Rg8 g6 34. Rg7+ Kd6 35. Rxh7 Rbb2 36. Rhxc7 Rf2+ 37. Ke1
Rfe2+ 38. Kf1 Rf2+ 39. Ke1 Rfe2+ 40. Kf1 Rxe3 41. R1c6+ Kd5 42. Rc5+ Kxd4
43. Rc4+ Kd3 44. Rc3+ Kd2 45. Rxe3 Kxe3 46. Rc3+ Kf4 47. g3+ Ke5 48. Re3+
Kf6 49. Re2 Rb1+ 50. Kf2 e5 51. h4 Rb4 52. Ke3 e4 53. fxe4 Rxe4+ 54. Kf3 Ra4
55. Re3 g5 56. hxg5+ Kxg5 57. Re5 Ra3+ 58. Re3 Ra5 59. Re8 Ra3+ 60. Re3 Ra6
61. Re8 Rg6 62. Re5 Ra6 63. Re8 Ra3+ 64. Re3 Ra4 65. Re8 Ra3+ 66. Re3 Rxe3+
67. Kxe3 Kg4 68. Kf2 f4 69. gxf4 Kxf4
{Game drawn because neither player has mating material}
1/2-1/2